 Dungeon Crawl Stone Soup version 0.26.1-11-gd32895ea62 (webtiles) character file.

Game seed: 8330338759917835224

34 H0rd4k the Insei (level 3, 0/23 HPs)
             Began as an Octopode Transmuter on June 28, 2021.
             Succumbed to an adder's poison
             ... on level 1 of the Dungeon.
             The game lasted 00:00:46 (729 turns).

H0rd4k the Insei (Octopode Transmuter)               Turns: 729, Time: 00:00:47

Health: 0/23       AC:  1    Str:  9    XL:     3   Next: 31%
Magic:  6/6        EV: 13    Int: 16    God:
Gold:   16         SH:  0    Dex: 12    Spells: 2/6 levels left

rFire    . . .     SeeInvis .     - Unarmed
rCold    . . .     Faith    .   (no shield)
rNeg     . . .     Spirit   .   (helmet restricted)
rPois    .         Reflect  .   (no amulet)
rElec    .         Harm     .   (no ring)
rCorr    .         Rampage  .   (no ring)
Will     .....                  (no ring)
Stlth    ++........             (no ring)
HPRegen  0.07/turn              (no ring)
MPRegen  0.10/turn              (no ring)
                                (no ring)
                                (no ring)

@: lethally poisoned (0 -> -1)
A: almost no armour, stealthy swim, amphibious, 8 rings, constrict 8, camouflage
1, gelatinous body 1
a: no special abilities


You were on level 1 of the Dungeon.
You visited 1 branch of the dungeon, and saw 2 of its levels.

You collected 16 gold pieces.

Inventory:

Jewellery
 c - an uncursed ring of see invisible {unknown}
Scrolls
 a - 2 scrolls of immolation {unknown}
 b - a scroll of remove curse {unknown}
 d - a scroll of random uselessness {unknown}


   Skills:
 + Level 1.0 Fighting
 + Level 2.5 Dodging
 - Level 0.4 Stealth
 + Level 3.8 Unarmed Combat
 * Level 2.0 Spellcasting
 * Level 2.1 Transmutations


You had 2 spell levels left.
You knew the following spells:

 Your Spells              Type           Power        Failure   Level
a - Beastly Appendage     Tmut           16%          9%          1
b - Spider Form           Tmut/Pois      2%           38%         3

Your spell library contained the following spells:

 Spells                   Type           Power        Failure   Level
 Wereblood                Tmut           8%           13%         2
 Ice Form                 Ice/Tmut       4%           80%         4
 Blade Hands              Tmut           4%           94%         5


Dungeon Overview and Level Annotations

Branches:
Dungeon (2/15)

Altars:


Innate Abilities, Weirdness & Mutations

You cannot wear most types of armour.
You are very stealthy in the water. (Stealth+)
You are amphibious.
You can wear up to eight rings at the same time.
You can use your tentacles to constrict eight enemies at once.
Your skin changes colour to match your surroundings (Stealth+).
Your rubbery body absorbs attacks. (AC +1, EV +1)


Message History

A jackal comes into view.
Your transformation is almost over.
Found a scroll labelled ZYSUBA QUNIWIO.
Found a stone staircase leading up.
A jackal comes into view.
* * * LOW HITPOINT WARNING * * *
You feel sick.
Found a scroll labelled ESOIRUEHOI.
The jackal barks!
A jackal comes into view.
Found a stone staircase leading up.
The jackal barks!
You hear a bark!
A goblin comes into view.
* * * LOW HITPOINT WARNING * * *
You feel sick.
The goblin shouts!
Found a war axe.
There is a stone staircase leading up here.
Your tentacle spike disappears.
You climb upwards.
You die...

#.##.#.#.#.#######...#####
# #.#....................
#.....#.#######...#####
####..#.# #........####
##.#)# #.###........ #...#
# #.##.#### #..)# #.##.#
#...# #.##.# #.#@# #.##.#
### #.##.# #.##.#
#.##.#### #..... ######


There were no monsters in sight!

Vanquished Creatures
  2 adders (D:2)
  A leopard gecko (D:2)
  A giant cockroach (D:1)
  A goblin (D:1)
  A hobgoblin (D:2)
  3 bats (D:1)
  6 frilled lizards
  2 kobolds (D:1)
  A rat (D:2)
18 creatures vanquished.

Notes
Turn   | Place    | Note
-------+----------+-------------------------------------------
     0 | D:1      | H0rd4k the Octopode Transmuter began the quest for the Orb.
     0 | D:1      | Reached XP level 1. HP: 13/13 MP: 3/3
   247 | D:1      | Reached XP level 2. HP: 13/18 MP: 5/5
   437 | D:1      | You fall into a shaft and drop 1 floor!
   688 | D:2      | Reached XP level 3. HP: 16/23 MP: 6/6
   692 | D:2      | Learned a level 3 spell: Spider Form
   721 | D:2      | HP: 1/23 [poisoned by an adder]
   729 | D:1      | Succumbed to an adder's poison

Illustrated notes

Levels and vault maps discovered:
D:1:      wander_arrival_peaceful_grave, layout_basic, minmay_misc_feat_columns
D:2:      minmay_skewed_foursquare, layout_rooms, minivault_23

Action                   || total
-------------------------++-------
Melee: Unarmed           ||    41
       Constrict         ||    11
       Tentacles         ||     4
       Punch             ||     1
 Cast: Beastly Appendage ||     1
 Stab: Sleeping          ||     3
Armor: Skin              ||     2
Dodge: Dodged            ||    21
